 Dungeon Crawl Stone Soup version 0.15.0-14-g6bbbb5c (webtiles) character file.

3297 Saeter the Prestidigitator (level 9, -2/82 HPs)
             Began as a Deep Dwarf Artificer on Sept 3, 2014.
             Was a Follower of Trog.
             Slain by an orc warrior
             ... wielding a +0 glaive
              (20 damage)
             ... on Level 8 of the Dungeon on Sept 4, 2014.
             The game lasted 02:16:58 (6404 turns).

Saeter the Prestidigitator (Deep Dwarf Artificer)   Turns: 6404, Time: 02:16:58

HP  -2/82        AC 15     Str 18      XL: 9   Next: 70%
MP  15/15        EV  3     Int 13      God: Trog [*.....]
Gold 485         SH  0     Dex 13      Spells:  0 memorised,  8 levels left

rFire  . . .     SeeInvis .     A - +2 war axe
rCold  . . .     Clarity  .     Z - +0 chain mail
rNeg   . . .     rCorr    .     C - +1 large shield
rPois  .         rRot     .     (no helmet)
rElec  .         Spirit   .     K - +0 cloak
SustAb .         Warding  .     m - +0 pair of gloves
rMut   .         Stasis   .     p - +2 pair of boots
Gourm  .                        (no amulet)
MR     +....                    (no ring)
                                (no ring)

@: confused, non-regenerating, hasted, very quick, somewhat resistant to hostile
enchantments, extremely unstealthy
A: damage resistance, recharge devices, sense surroundings 2, robust 1, slow
healing 3
a: Device Recharging, Burn Spellbooks, Berserk, Renounce Religion


You were on level 8 of the Dungeon.
You worshipped Trog.
Trog was aware of your devotion.
You were not hungry.

You visited 2 branches of the dungeon, and saw 9 of its levels.

You collected 485 gold pieces.

Inventory:

Hand weapons
 a - a +3 flail
 j - a +4 long sword of electrocution
 x - a +2 hunting sling of evasion
 y - a +1 hand axe of freezing
 A - a +2 war axe (weapon)
 G - a +0 whip of freezing
Missiles
 e - 8 bolts of frost
 h - 58 bolts
 k - 11 silver sling bullets
 r - 19 poisoned needles
 v - 15 tomahawks (quivered)
 D - 8 curare-tipped needles
 H - 35 sling bullets
 I - 9 arrows of frost
 O - 80 arrows
 Q - 13 steel bolts
 T - 18 steel sling bullets
 U - 2 javelins
 X - 10 bolts of flame
Armour
 m - a +0 pair of gloves (worn)
 p - a +2 pair of boots (worn)
 C - a +1 large shield (worn)
 K - a +0 cloak (worn)
 R - the -2 helmet of Zyamodweze {Dex+3 Int-3}
   (You found it on level 5 of the Dungeon)

   It affects your intelligence (-3).
   It affects your dexterity (+3).
 V - a +1 robe of magic resistance
 Z - a +0 chain mail (worn)
Magical devices
 b - a wand of flame (5)
 c - a wand of enslavement (5)
 d - a wand of random effects (15)
 f - a wand of heal wounds (1)
 s - a wand of magic darts (10) {unknown}
 Y - a wand of magic darts (6) {unknown}
Comestibles
 g - 6 bread rations
 n - 4 fruits
 o - 3 rotting chunks of wyvern flesh
 t - 5 meat rations
 B - a beef jerky
Scrolls
 i - 2 scrolls of teleportation
 l - 3 scrolls of enchant armour
 w - 4 scrolls of identify
 E - a scroll of blinking {unknown}
 N - 2 scrolls of immolation {unknown}
Potions
 z - 3 potions of restore abilities
 F - 5 potions of agility
 J - a potion of poison {unknown}
 M - a potion of berserk rage {unknown}
 P - a potion of mutation
 S - a potion of brilliance {unknown}


   Skills:
 - Level 3.0 Fighting
   Level 0.8 Short Blades
 + Level 7.3 Axes
 - Level 1.2 Slings
 + Level 5.5 Armour
 - Level 4.3 Dodging
 - Level 2.1 Stealth
 + Level 7.3 Shields
 + Level 10.0 Evocations


You had 8 spell levels left.
You didn't know any spells.

Dungeon Overview and Level Annotations

Branches:
Dungeon (8/15)             Temple (1/1) D:4
   Lair: D:8-11

Altars:
Ashenzari
Cheibriados
Dithmenos
Elyvilon
Fedhas
Kikubaaqudgha
Makhleb
Nemelex Xobeh
Okawaru
Qazlal
Sif Muna
Trog
Vehumet
Xom
Yredelemnul
Zin

Shops:
D:7 %   D:8 :

Annotations:
D:6 Tolias' ghost, experienced HuVM


Innate Abilities, Weirdness & Mutations

You are resistant to damage.
You can recharge devices by infusing magical energy.
You passively map the area around you.
You do not heal naturally.
You are robust (+10% HP).


Message History

You closely miss the orc. Something hits you but does no damage.
The orc warrior hits you from afar with a glaive!
* * * LOW HITPOINT WARNING * * *
You block the orc's attack. Something hits you but does no damage.
You hit the orc.
You kill the orc!
Trog accepts your kill.
You closely miss something.
The orc warrior hits you but does no damage.
You hear some strange, mumbled words.
The puff of flame hits you!
* * * LOW HITPOINT WARNING * * *
Drink which item? (? for menu, Esc to quit)
You are confused.
It was a potion of confusion.
Something hits you but does no damage. The orc warrior barely misses you.
Something hits you but does no damage.
Drink which item? (? for menu, Esc to quit)
You feel yourself speed up.
It was a potion of haste.
Something hits you.
The orc warrior hits you from afar with a glaive!!
You die...

#.# , ##.... ##.##. #.# ###
....., ,,,...#. #.# *....#
##>.. *#..#. #.# #.# #.#*#...#
*,, #..#. #.#####.####.#.#..#
*..####.Z#.
#.##.......##.##..###..........
#.##.......##........?.####.<#.
#)##.......##.[#..........o.Z..
#.............@.....#..#####.##
####.......##)>#o#### .# #.#
#........##..#.# , #.#
#........##..#.####, ** #.#
#.######............, ..# #.#
###...####.### , * *### #.#
#.......##(## * #.#
#.......##.. #.####.......##.#
* *


You could see an orc warrior.

Vanquished Creatures
  Pikel (D:8)
  Grinder (D:5)
  A wyvern (D:8)
  A hill giant zombie (D:8)
  A hippogriff (D:7)
  A hill giant skeleton (D:8)
  2 ogres
  An ice beast (D:8)
  2 sky beasts (D:5)
  4 centaurs
  A big kobold (D:7)
  Blork the orc (D:7)
  2 giant frogs
  A killer bee (D:7)
  2 scorpions
  A yak zombie (D:5)
  A crimson imp (D:5)
  4 wights (D:7)
  A hound (D:7)
  2 jellies (D:7)
  An orc priest (D:4)
  6 worker ants
  3 iguanas
  2 orc wizards
  Ijyb (D:3)
  An ogre skeleton (D:8)
  12 gnolls (D:3)
  7 adders
  A giant mite (D:4)
  3 worms (D:3)
  4 giant geckos
  An ooze (D:1)
  19 orcs
  5 bats
  4 giant cockroaches
  18 goblins
  6 hobgoblins
  3 jackals (D:3)
  13 kobolds
  3 ball pythons
  A giant newt (D:3)
  An orc skeleton (D:4)
  2 orc zombies
  10 rats
  A rat skeleton (D:7)
159 creatures vanquished.

Vanquished Creatures (collateral kills)
  A slave (D:8)
  2 gnolls (D:3)
3 creatures vanquished.

Vanquished Creatures (others)
  3 slaves (D:8)
  A hungry ghost (D:8)
  An orc priest (D:8)
  An ogre (D:8)
6 creatures vanquished.

Grand Total: 168 creatures vanquished

Notes
Turn   | Place    | Note
--------------------------------------------------------------
     0 | D:1      | Saeter, the Deep Dwarf Artificer, began the quest for the Orb.
     0 | D:1      | Reached XP level 1. HP: 16/16 MP: 1/1
    95 | D:1      | Reached skill level 1 in Fighting
   286 | D:1      | Reached XP level 2. HP: 12/25 MP: 3/3
   934 | D:2      | Reached XP level 3. HP: 21/31 MP: 5/5
  1097 | D:2      | Reached skill level 5 in Evocations
  1332 | D:2      | Found a shattered altar of Ashenzari.
  1339 | D:2      | Found a stormy altar of Qazlal.
  1457 | D:3      | HP: 1/31 [gnoll/halberd (7)]
  1470 | D:3      | Reached XP level 4. HP: 22/38 MP: 7/7
  1537 | D:3      | Reached skill level 1 in Axes
  1588 | D:3      | Reached skill level 1 in Armour
  1605 | D:3      | Noticed Ijyb
  1633 | D:3      | Killed Ijyb
  1901 | D:3      | Reached XP level 5. HP: 45/45 MP: 9/9
  1921 | D:3      | Reached skill level 1 in Shields
  2110 | D:3      | Reached XP level 6. HP: 29/55 MP: 10/10
  2784 | D:4      | Found a staircase to the Ecumenical Temple.
  2829 | Temple   | Entered the Ecumenical Temple
  2886 | Temple   | Became a worshipper of Trog the Wrathful
  3260 | D:4      | Found a sparkling altar of Nemelex Xobeh.
  3521 | D:5      | Entered Level 5 of the Dungeon
  3543 | D:5      | Reached XP level 7. HP: 28/62 MP: 10/10
  3645 | D:5      | Found an ancient bone altar of Kikubaaqudgha.
  3682 | D:5      | Got a transparent helmet
  3688 | D:5      | Identified the cursed -2 helmet of Zyamodweze {Dex+3 Int-3} (You found it on level 5 of the Dungeon)
  4074 | D:5      | Reached skill level 6 in Evocations
  4190 | D:5      | Noticed Grinder
  4212 | D:5      | Paralysed by Grinder for 2 turns
  4230 | D:5      | Paralysed by Grinder for 5 turns
  4236 | D:5      | Paralysed by Grinder for 3 turns
  4250 | D:5      | Killed Grinder
  4250 | D:5      | Reached XP level 8. HP: 37/69 MP: 12/14
  4332 | D:6      | Noticed Tolias' ghost (experienced HuVM)
  4409 | D:6      | Reached skill level 7 in Evocations
  4487 | D:6      | HP: 2/69 [Tolias' ghost/Olgreb's Toxic Radiance (2)]
  4637 | D:7      | Reached skill level 5 in Axes
  4703 | D:7      | Reached skill level 5 in Shields
  4751 | D:7      | Found Lotitaef's Food Shop.
  4937 | D:7      | Noticed Blork the orc
  4954 | D:7      | Killed Blork the orc
  4956 | D:7      | Acquired Trog's first power
  5025 | D:7      | Reached skill level 8 in Evocations
  5083 | D:7      | Reached skill level 1 in Slings
  5704 | D:8      | Gained mutation: You passively map the area around you. [level up]
  5704 | D:8      | Reached XP level 9. HP: 46/75 MP: 15/15
  5729 | D:8      | Noticed Pikel
  5749 | D:8      | Killed Pikel
  5749 | D:8      | Reached skill level 9 in Evocations
  5906 | D:7      | Gained mutation: You are agile. (Dex +2) [potion of mutation]
  5906 | D:7      | Lost mutation: You are agile. (Dex +2) [potion of mutation]
  5906 | D:7      | Gained mutation: You are robust (+10% HP). [potion of mutation]
  6155 | D:8      | Reached skill level 5 in Armour
  6304 | D:8      | HP: 2/82 [ogre/giant club (9)]
  6342 | D:8      | Reached skill level 10 in Evocations
  6343 | D:8      | Found Kaamuloe's Book Boutique.
  6404 | D:8      | Slain by an orc warrior

Action                   |  1- 3 |  4- 6 |  7- 9 || total
-------------------------+-------+-------+-------++-------
Melee: Short sword       |   156 |       |       ||   156
       Hand axe          |    22 |   321 |   443 ||   786
       War axe           |       |       |   186 ||   186
       Flail             |       |       |    11 ||    11
 Fire: Hunting sling     |       |    23 |    27 ||    50
Throw: Tomahawk          |       |       |     2 ||     2
Invok: Burn Spellbooks   |       |       |     1 ||     1
 Abil: Device Recharging |       |     2 |     4 ||     6
Evoke: Wand              |     5 |     8 |    36 ||    49
  Use: Scroll            |       |     5 |     3 ||     8
       Potion            |       |     2 |     7 ||     9
  Eat: Chunk             |     2 |     7 |     5 ||    14
       Fruit             |       |     1 |     7 ||     8
